 Dungeon Crawl Stone Soup version bcrawl-1.38.2 (webtiles) character file.

Game seed: 14622169344622853007

206719 kush the Cutter (level 6, -11/38 HPs)
             Began as a Vine Stalker Fighter on Apr 24, 2023.
             Was an Initiate of Wu Jian.
             Mangled by an ogre
             ... wielding a +0 giant spiked club
              (25 damage)
             ... on level 4 of the Dungeon.
             The game lasted 00:03:04 (2226 turns).

kush the Cutter (Vine Stalker Fighter)              Turns: 2226, Time: 00:03:05

Health: -11/38     AC:  2    Str: 19    XL:     6   Next: 25%
Magic:  7/7        EV:  6    Int:  8    God:    Wu Jian [......]
Gold:   193        SH:  9    Dex: 15    Spells: 5/5 levels left

rFire    x . .     GDR:     29% q - +1 short sword (elec)
rCold    . . .     SeeInvis .   c - +0 medium shield
rNeg     . . .     Gourm    .   x - +0 robe
rPois    .         Faith    .   (no helmet)
rElec    +         Spirit   .   (no cloak)
rCorr    .         Reflect  .   (no gloves)
MR       .....                  (no boots)
Stlth    +.........             (no amulet)
HPRegen  0.56/turn              p - ring "Ubaupym" {+Fly rElec rF- Slay+3}
MPRegen  0.10/turn              (no ring)

@: no status effects
A: fangs 3, regeneration 1, no potion heal 3, rot immunity, strong jaws
a: Renounce Religion, Evoke Flight


You were on level 4 of the Dungeon.
You worshipped Wu Jian.
Wu Jian was noncommittal.
You were not hungry.

You visited 1 branch of the dungeon, and saw 4 of its levels.

You collected 193 gold pieces.

Inventory:

Hand Weapons
 a - a +0 rapier
 q - a +1 short sword of electrocution (weapon)
 u - a +1 dagger of venom
Missiles
 k - 59 poisoned tomahawks (quivered)
Armour
 b - a +0 scale mail
 c - a +0 medium shield (worn)
 j - a +0 ring mail
 x - a +0 robe (worn)
Jewellery
 m - a cursed ring of teleportation {unknown}
 p - the ring "Ubaupym" (left hand) {+Fly rElec rF- Slay+3}
   (You found it on level 2 of the Dungeon)

   [ring of flight]

   It affects your accuracy and damage with ranged weapons and melee attacks
   (+3).
   It makes you vulnerable to fire.
   It insulates you from electricity.
   It lets you fly.
Scrolls
 f - 3 scrolls of remove curse {unknown}
 h - 2 scrolls of teleportation {unknown}
 i - 12 scrolls of identify
 l - 3 scrolls of amnesia {unknown}
 o - a scroll of enchant armour {unknown}
 r - a scroll of blinking {unknown}
 s - a scroll of enchant weapon {unknown}
 w - a scroll of fog {unknown}
Potions
 d - a potion of might
 g - a potion of degeneration {unknown}
 n - a potion of mutation {unknown}
 t - 2 potions of curing {unknown}
 v - a potion of experience {unknown}
Comestibles
 e - 4 rations {!d}
 z - 2 chunks of flesh


   Skills:
 + Level 4.1 Fighting
 * Level 4.8 Short Blades
 - Level 2.4 Armour
 - Level 2.6 Shields


You had 5 spell levels left.
You didn't know any spells.
Your spell library was empty.

Dungeon Overview and Level Annotations

Branches:
Dungeon (4/12)
 Temple: D:4-7

Altars:
Ashenzari
Sif Muna
Trog
Wu Jian


Innate Abilities, Weirdness & Mutations

You have razor-sharp teeth.
Your natural rate of healing is unusually fast.
Potions cannot restore your health.
You are immune to rotting.
Your bites deal extra damage.


Message History

The hound skeleton is severely damaged.
The hound skeleton barely misses you.
You puncture the hound skeleton!
You destroy the hound skeleton!
The Council accepts your kill.
No target in view!
No target in view!
You see here a leather armour.
An ogre comes into view. It is wielding a +0 giant spiked club.
You hit the ogre. Lightning courses through the ogre!
The ogre is heavily wounded.
The ogre hits you with a +0 giant spiked club!!
Ouch! That really hurt!
You are too injured to fight recklessly!
You are too injured to fight recklessly!
You hit the ogre. You bite the ogre.
The ogre is almost dead.
The ogre hits you with a +0 giant spiked club!!
Ouch! That really hurt!
You die...

#^#.#######.####...# .#
..........#.####...# .#
...................#..#
..<.#####.#.####.#.#..###.
....# #....)..... ....#
#[#.#.#.##. ....#
#.####.#.#.... ....#
.#............# ....#
.......@..#...# ....#
##.#..#O....... .....
.............###
##.............
###.##......#. ..
......... ## ##...#.#.
......


You could see an ogre.

Vanquished Creatures
  Sigmund (D:3)
  A worker ant (D:4)
  A hound skeleton (D:4)
  4 adders
  An ooze (D:1)
  2 worms (D:2)
  A dart slug (D:2)
  A leopard gecko (D:1)
  2 orcs (D:2)
  A giant cockroach (D:2)
  3 goblins
  3 hobgoblins
  7 jackals
  2 bats (D:2)
  2 frilled lizards
  6 kobolds
  6 rats
44 creatures vanquished.

Notes
Turn   | Place    | Note
-------+----------+-------------------------------------------
     0 | D:1      | kush the Vine Stalker Fighter began the quest for the Orb.
     0 | D:1      | Reached XP level 1. HP: 13/13 MP: 2/2
    64 | D:1      | Reached XP level 2. HP: 18/18 MP: 3/3
   749 | D:2      | Found a bloodstained altar of Trog.
   754 | D:2      | Reached XP level 3. HP: 19/23 MP: 4/4
   815 | D:2      | Got a glittering pewter ring
   816 | D:2      | Identified the ring "Ubaupym" {+Fly rElec rF- Slay+3} (You
                  | found it on level 2 of the Dungeon)
   971 | D:2      | Found a shattered altar of Ashenzari.
  1178 | D:2      | Found a shimmering blue altar of Sif Muna.
  1380 | D:3      | Reached XP level 4. HP: 23/28 MP: 5/5
  1390 | D:3      | Noticed Sigmund
  1396 | D:3      | Killed Sigmund
  1397 | D:3      | Reached XP level 5. HP: 33/33 MP: 6/6
  1424 | D:3      | Found a faded altar of an unknown god.
  1778 | D:3      | Found an ornate altar of the Wu Jian Council.
  1788 | D:3      | Became a worshipper of the Wu Jian Council
  1974 | D:3      | Gained mutation: You have razor-sharp teeth. [Vine Stalker
                  | growth]
  1974 | D:3      | Reached XP level 6. HP: 38/38 MP: 7/7
  2226 | D:4      | Mangled by an ogre

Skill      XL: |  1  2  3  4  5 |
---------------+----------------+-----
Short Blades   | 2 3 4 |  4.8
Fighting       | 3 4 |  4.1
Armour         | |  2.4
Shields        | |  2.6

Action                   |  1- 3 |  4- 6 || total
-------------------------+-------+-------++-------
Melee: Rapier            |    64 |       ||    64
       Bite              |     6 |     3 ||     9
       Short sword       |    24 |    38 ||    62
Throw: Tomahawk          |       |     4 ||     4
Invok: Lunge             |       |     2 ||     2
  Eat: Chunk             |     4 |     4 ||     8
Armor: Scale mail        |     5 |       ||     5
       Ring mail         |    19 |     7 ||    26
Dodge: Dodged            |    11 |     7 ||    18
Block: Medium shield     |    42 |    16 ||    58
